 Dungeon Crawl Stone Soup version 0.27-a0-1154-gfdeffcb720 (webtiles) character file.

Game seed: 1658239203554800841

3411 Ijustatesigmund the Cleaver (level 10, -4/135 HPs)
             Began as a Hill Orc Fighter on May 14, 2021.
             Slain by a centaur warrior (7 damage)
             ... on level 9 of the Dungeon.
             The game lasted 00:13:20 (9711 turns).

Ijustatesigmund the Cleaver (Hill Orc Fighter)      Turns: 9711, Time: 00:13:21

Health: -4/135     AC: 25    Str: 22    XL:     10   Next: 4%
Magic:  10/10      EV:  2    Int:  9    God:
Gold:   1636       SH: 11    Dex: 12    Spells: 9/9 levels left

rFire    . . .     SeeInvis +   a - +0 war axe
rCold    . . .     Faith    .   c - +0 kite shield
rNeg     + + +     Spirit   .   (armour currently unavailable)
rPois    +         Reflect  .   (helmet currently unavailable)
rElec    .         Harm     .   (cloak currently unavailable)
rCorr    +         Rampage  .   (gloves currently unavailable)
Will     .....     NoTele   +   (boots currently unavailable)
Stlth    +.........             (no amulet)
HPRegen  0.32/turn              i - +4 ring of evasion
MPRegen  0.12/turn              k - ring "Sayvvuv" {rCorr Str+2 SInv}

@: tree-form
A: stationary, stasis, torment immunity, boosted hp
a: no special abilities


You were on level 9 of the Dungeon.
You were a tree.
You visited 1 branch of the dungeon, and saw 9 of its levels.

You collected 1681 gold pieces.
You spent 45 gold pieces at shops.

Inventory:

Hand Weapons
 a - a +0 war axe (weapon)
Armour
 b - a +0 chain mail (melded)
 c - a +0 kite shield (worn)
 p - a +0 cloak (melded)
Jewellery
 e - a +6 ring of intelligence
 h - a ring of protection from cold
 i - a +4 ring of evasion (left branch)
 k - the ring "Sayvvuv" (right branch) {rCorr Str+2 SInv}
   (You found it on level 8 of the Dungeon)

   [ring of resist corrosion]

   It affects your strength (+2).
   It lets you see invisible.
   It protects you from acid and corrosion.
 r - a ring of willpower
Wands
 j - a wand of charming (1)
Scrolls
 n - 3 scrolls of identify
 t - 3 scrolls of fog
Potions
 d - 2 potions of mutation
 f - 2 potions of cancellation
 l - a potion of might
 m - a potion of attraction
 o - 2 potions of brilliance


   Skills:
 + Level 8.9 Fighting
 + Level 10.4 Axes
 + Level 6.7 Armour
 + Level 4.3 Dodging
 + Level 6.7 Shields


You had 9 spell levels left.
You didn't know any spells.
Your spell library contained the following spells:

 Spells                   Type           Power      Damage    Failure   Level
 Beastly Appendage        Tmut           0%         N/A       75%         1
 Shock                    Conj/Air       0%         1d3       75%         1
 Static Discharge         Conj/Air       0%         N/A       87%         2
 Wereblood                Tmut           0%         N/A       87%         2
 Spider Form              Tmut/Pois      0%         N/A       98%         3
 Swiftness                Air            0%         N/A       98%         3
 Airstrike                Air            0%         N/A       100%        4
 Cause Fear               Hex            0%         N/A       100%        4
 Ice Form                 Ice/Tmut       0%         N/A       100%        4
 Hydra Form               Tmut           0%         N/A       100%        5
 Lightning Bolt           Conj/Air       0%         1d11      100%        5
 Silence                  Hex/Air        0%         N/A       100%        5
 Yara's Violent Unravell  Hex/Tmut       0%         3d3       100%        5
 Discord                  Hex            0%         N/A       100%        8


Dungeon Overview and Level Annotations

Branches:
Dungeon (9/15)             Temple (0/1) D:6
   Lair: D:8-11         Orc: D:9-12

Altars:
Dithmenos
Elyvilon
Fedhas
Gozag
Makhleb
Trog
Uskayaw
Wu Jian
Yredelemnul
Zin

Shops:
D:6 ?   D:8 (

Annotations:
D:3 3 runed translucent doors, MatrixGlitch's ghost, weakling DEAE; boysha's ghost, amateur MfWr; losten's ghost, amateur DsGl
D:4 1 runed translucent door, Pagrax's ghost, amateur MiBe


Message History

Your +0 chain mail melds into your body.
Your roots penetrate the ground.
The centaur warrior hits you.
* * * LOW HITPOINT WARNING * * *
The centaur warrior kicks you but does no damage.
The centaur warrior hits you.
* * * LOW HITPOINT WARNING * * *
The centaur warrior kicks you but does no damage.
You closely miss the centaur warrior.
The centaur warrior is severely wounded.
The centaur warrior hits you but does no damage.
The centaur warrior kicks you but does no damage.
You completely miss the centaur warrior.
The centaur warrior is severely wounded.
You block the centaur warrior's attack.
The centaur warrior kicks you but does no damage.
You block the centaur warrior's attack.
The centaur warrior kicks you but does no damage.
You hit the centaur warrior.
The centaur warrior is severely wounded.
The centaur warrior hits you but does no damage.
The centaur warrior kicks you.
* * * LOW HITPOINT WARNING * * *
The centaur warrior hits you!
* * * LOW HITPOINT WARNING * * *
You block the centaur warrior's attack.
You slash the centaur warrior!
The centaur warrior is almost dead.
You block the centaur warrior's attack.
The centaur warrior kicks you but does no damage.
You block the centaur warrior's attack.
The centaur warrior kicks you but does no damage.
You barely miss the centaur warrior.
The centaur warrior is almost dead.
The centaur warrior hits you but does no damage.
The centaur warrior kicks you.
* * * LOW HITPOINT WARNING * * *
You barely miss the centaur warrior.
The centaur warrior is almost dead.
The centaur warrior hits you!
You die...

######.#!#.##
#..........
#.##.#.#.##
###.###...## #...#
##.## ##### #.# #.#
## ######### #.# #.
#..?.♣c.# #.# #.
#.###############.#
#.
#.......##........#
#.
#########.###########
#. ..#.......##### #.
#.#####.####..# #.
#.#.. #.# ##.#######
## #.#.###.
#........# #.#.#..
##.#####.#


You could see a centaur warrior.

Vanquished Creatures
  A troll (D:9)
  Sigmund (D:2)
  5 yaks (D:9)
  A water moccasin (D:8)
  2 ice beasts (D:6)
  3 orc warriors
  A sky beast (D:7)
  3 ogres
  Blork the orc (D:4)
  2 bullfrogs (D:6)
  A gnoll sergeant (D:6)
  A wyvern skeleton (D:6)
  2 scorpions
  A water moccasin zombie (D:6)
  5 wights (D:7)
  3 gnoll shamans (D:6)
  2 orc priests
  2 jellies
  Jessica (D:3)
  A bullfrog skeleton (D:5)
  2 iguanas (D:5)
  3 orc wizards
  A mummy (D:4)
  2 howler monkey zombies
  5 adders
  14 gnolls
  A howler monkey skeleton (D:7)
  2 adder skeletons
  2 dart slugs
  27 orcs
  4 ball pythons
  4 bats
  2 endoplasms
  A giant cockroach (D:2)
  4 goblins
  3 hobgoblins
  11 jackals
  A quokka (D:4)
  4 frilled lizards
  8 kobolds
  4 kobold zombies (D:4)
  6 rats
150 creatures vanquished.

Vanquished Creatures (others)
  2 plants (D:6)
2 creatures vanquished.

Grand Total: 152 creatures vanquished

Notes
Turn   | Place    | Note
-------+----------+-------------------------------------------
     0 | D:1      | Ijustatesigmund the Hill Orc Fighter began the quest for
                  | the Orb.
     0 | D:1      | Reached XP level 1. HP: 19/19 MP: 1/1
    86 | D:1      | Reached skill level 3 in Axes
   110 | D:1      | Found a faded altar of an unknown god.
   232 | D:1      | Reached XP level 2. HP: 26/27 MP: 2/2
   918 | D:2      | Reached skill level 4 in Axes
   922 | D:2      | Reached XP level 3. HP: 26/33 MP: 3/3
  1078 | D:2      | Noticed Sigmund
  1090 | D:2      | Killed Sigmund
  1091 | D:2      | Reached skill level 5 in Fighting
  1091 | D:2      | Reached skill level 6 in Axes
  1091 | D:2      | Reached XP level 4. HP: 7/42 MP: 4/4
  1091 | D:2      | Reached XP level 5. HP: 8/48 MP: 5/5
  1578 | D:2      | You fall into a shaft and drop 2 floors!
  1608 | D:4      | Reached XP level 6. HP: 47/56 MP: 6/6
  1860 | D:4      | Reached skill level 7 in Axes
  2033 | D:3      | You fall into a shaft and drop 2 floors!
  2033 | D:5      | Entered Level 5 of the Dungeon
  2051 | D:4      | Found a runed translucent door.
  2051 | D:4      | Noticed Pagrax's ghost (amateur MiBe)
  2156 | D:3      | Noticed Jessica
  2166 | D:3      | Killed Jessica
  2278 | D:3      | Found a shadowy altar of Dithmenos.
  2555 | D:3      | Found an opulent altar of Gozag.
  2921 | D:3      | Found a runed translucent gate.
  2921 | D:3      | Found a runed translucent gate.
  2921 | D:3      | Found a runed translucent gate.
  2922 | D:3      | Noticed MatrixGlitch's ghost (weakling DEAE)
  2922 | D:3      | Noticed losten's ghost (amateur DsGl)
  2923 | D:3      | Noticed boysha's ghost (amateur MfWr)
  3198 | D:4      | Noticed Blork the orc
  3207 | D:4      | Killed Blork the orc
  3286 | D:4      | Reached XP level 7. HP: 28/63 MP: 7/7
  3670 | D:4      | Reached skill level 8 in Axes
  4320 | D:5      | Reached skill level 1 in Dodging
  4628 | D:5      | Found a burning altar of Makhleb.
  4932 | D:5      | Found a hide-covered altar of Uskayaw.
  4984 | D:5      | Identified a scroll of acquirement
  4984 | D:5      | Acquired 1215 gold pieces
  4998 | D:5      | Found a blossoming altar of Fedhas.
  5060 | D:6      | Found a staircase to the Ecumenical Temple.
  5101 | D:6      | Found Uvijues's Magic Scroll Boutique.
  5172 | D:6      | Bought a scroll of fear for 45 gold pieces
  5225 | D:6      | Reached XP level 8. HP: 60/71 MP: 8/8
  5235 | D:6      | HP: 1/71 [orc warrior/+0 halberd (12)]
  6037 | D:6      | Reached skill level 9 in Axes
  6233 | D:6      | Found an ornate altar of the Wu Jian Council.
  6300 | D:6      | Reached skill level 5 in Armour
  6436 | D:6      | Reached skill level 5 in Shields
  6939 | D:7      | Reached XP level 9. HP: 64/80 MP: 9/9
  7092 | D:7      | Found a white marble altar of Elyvilon.
  7207 | D:7      | Identified the +3 ring mail of Free Will {*Corrode Int+6}
  7351 | D:7      | Found a bloodstained altar of Trog.
  7532 | D:7      | Found a glowing silver altar of Zin.
  7993 | D:8      | Identified the ring "Sayvvuv" {rCorr Str+2 SInv}
  8007 | D:8      | Noticed a two-headed ogre
  8374 | D:8      | Found a basalt altar of Yredelemnul.
  8404 | D:8      | Found Boruz's Weapon Emporium.
  8689 | D:9      | Noticed a troll
  8707 | D:9      | Killed a troll
  8708 | D:9      | Reached skill level 10 in Axes
  9381 | D:9      | Reached XP level 10. HP: 32/90 MP: 10/10
  9676 | D:9      | Noticed a four-headed hydra
  9687 | D:9      | Noticed a centaur warrior
  9708 | D:9      | HP: 4/135 [centaur warrior (7)]
  9711 | D:9      | Slain by a centaur warrior

Illustrated notes

Levels and vault maps discovered:
D:1:      dpeg_arrival_three_same_balls, layout_basic,
          ebering_ecumenical_altar_box, minmay_door_square
D:2:      layout_loops_cross, uniq_sigmund
D:3:      layout_basic, grunt_dithmenos_smoke, lemuel_round_altar,
          gammafunk_ghost_cemetery, uniq_jessica
D:4:      layout_basic, gammafunk_ghost_grave, grunt_ministairs_4,
          minmay_misc_feat_rows, chequers_hall_statues_wall_a,
          minmay_mini_ossuary, uniq_blork_the_orc
D:5:      layout_loops_ring, lemuel_round_altar, marbit_many_paths,
          fedhas_altar_4
D:6:      layout_cave_pools, pdpol_wu_jian_five_deadly_venoms,
          minmay_temple_entry_gardened_gates, serial_gnoll_camp,
          gnoll_camp_mini_hut, gnoll_camp_mini_shop, gnoll_camp_medium_01,
          gnoll_camp_mini_basic
D:7:      layout_rooms, trog_three_pillars_becter, zin_treasury,
          lemuel_coloured_pillars_altar
D:8:      layout_cave_pools, overflow_temple_1_default, old_standard_altar,
          serial_shops, nicolae_shop_behind_doors
D:9:      layout_loops_ring, overflow_temple_1_default,
          biasface_ghost_orc_armoury, wad_mini_maze, uniq_grum

Skill      XL: |  1  2  3  4  5  6  7  8  9 |
---------------+----------------------------+-----
Axes           | 3 4 6 7 8 9 10 | 10.4
Fighting       | 4 5 6 7 8 |  8.9
Dodging        | 1 2 4 |  4.3
Armour         | 4 5 6 |  6.7
Shields        | 4 5 6 |  6.7

Action                   |  1- 3 |  4- 6 |  7- 9 | 10-12 || total
-------------------------+-------+-------+-------+-------++-------
Melee: War axe           |    78 |    95 |   453 |    21 ||   647
Throw: Throwing net      |       |       |     5 |       ||     5
  Use: Potion            |     1 |       |     4 |     2 ||     7
       Scroll            |       |     9 |    10 |     1 ||    20
 Stab: Held in net/web   |       |       |     2 |       ||     2
       Invisible         |       |       |     1 |       ||     1
Armor: Scale mail        |    52 |    14 |       |       ||    66
       Chain mail        |       |    19 |   134 |    16 ||   169
       Skin              |       |       |       |    10 ||    10
Dodge: Dodged            |    36 |    21 |   187 |     7 ||   251
Block: Kite shield       |    63 |    40 |   243 |    20 ||   366

Table legend: (Time is in decaauts)
 A = Elapsed time spent in this place.
 B = Non-inter-level travel time spent in this place.
 C = Inter-level travel time spent in this place.
 D = Time resting spent in this place.
 E = Time spent auto-exploring this place.
 F = Levels seen in this place.
 G = Mean time per level.
                   A        B        C        D        E       F      G
               +--------+--------+--------+--------+--------+-----+--------+
         Total |   9872 |   9643 |    229 |   2918 |   5185 |   9 | 1096.9 |
       Dungeon |   9872 |   9643 |    229 |   2918 |   5185 |   9 | 1096.9 |
               +--------+--------+--------+--------+--------+-----+--------+

Top non-repeatable levels by time:
     D:5: 1531 daAuts
     D:7: 1405 daAuts
     D:6: 1377 daAuts
     D:4: 1279 daAuts
     D:9: 1188 daAuts
     D:3: 1038 daAuts
     D:2: 882 daAuts
     D:1: 811 daAuts
     D:8: 359 daAuts
